[ AOE2 MATCH · #481359177 ]
UnrankedMalians vs Celts
Player's team · LOSS
Rival team · WIN
[ REPLAY ANALYSIS · EXTRACTED FROM THE RECORDED GAME ]
Feudal
12:27
Castle
20:41
Imperial
—
| APM avg | 61.7 |
| APM peak | 78 |
| eAPM avg | 26.5 |
| Villagers / military | 50 / 23 |
Focus
⚔️ 44.2% · 🌾 55.8%
Archer ×16 · Militia ×7
Feudal
10:56
Castle
—
Imperial
—
| APM avg | 80.0 |
| APM peak | 116 |
| eAPM avg | 36.6 |
| Villagers / military | 61 / 26 |
Focus
⚔️ 36.8% · 🌾 63.2%
Skirmisher ×14 · Militia ×12 · Fishing Ship ×1
Match map
Initial resources + every placement click. Lines = walls · curves = elevation contours. ◆ gold · ⬟ stone · ● berries · ✦ relic · ◌ wall gap
Your base· Open — unwalled flank
Oni.TaToH's base· Open — unwalled flank
Smoothed initial terrain · ◌ = detected wall gap · hover for details
Inputs per minute
— ANKR.Youpudding - - Oni.TaToH
Build order — ANKR.Youpudding
148 actions detected in the replay
| 0:00 | Create | Villager (Male) |
| 0:01 | Create | Villager (Male) |
| 0:07 | Build | House |
| 0:13 | Create | Villager (Male) |
| 0:13 | Create | Villager (Male) |
| 1:47 | Create | Villager (Male) |
| 1:47 | Create | Villager (Male) |
| 1:51 | Build | House |
| 2:21 | Create | Villager (Male) |
| 2:21 | Create | Villager (Male) |
| 2:28 | Build | Barracks |
| 2:44 | Create | Villager (Male) |
| 3:11 | Create | Villager (Male) |
| 3:19 | Create | Militia |
| 3:19 | Create | Militia |
| 3:23 | Build | House |
| 3:34 | Create | Villager (Male) |
| 3:58 | Create | Villager (Male) |
| 4:03 | Create | Militia |
| 4:21 | Create | Villager (Male) |
| 4:37 | Create | Villager (Male) |
| 4:39 | Build | House |
| 5:02 | Create | Villager (Male) |
| 5:03 | Create | Militia |
| 5:26 | Create | Villager (Male) |
| 5:43 | Build | Lumber Camp |
| 5:49 | Create | Militia |
| 5:50 | Create | Villager (Male) |
| 6:19 | Create | Villager (Male) |
| 6:36 | Build | House |
| 6:49 | Create | Militia |
| 6:50 | Create | Villager (Male) |
| 7:08 | Create | Villager (Male) |
| 7:12 | Build | Mill |
| 7:47 | Create | Villager (Male) |
| 7:52 | Build | Mill |
| 7:56 | Create | Villager (Male) |
| 8:14 | Create | Villager (Male) |
| 8:23 | Create | Villager (Male) |
| 8:30 | Build | House |
| 8:41 | Build | Farm |
| 8:42 | Build | Farm |
| 9:06 | Create | Villager (Male) |
| 9:09 | Build | Farm |
| 9:19 | Create | Villager (Male) |
| 9:40 | Build | Farm |
| 9:43 | Research | Loom |
| 10:00 | Build | Farm |
| 10:17 | Research | Feudal Age |
| 10:20 | Build | Lumber Camp |
| 10:49 | Create | Villager (Male) |
| 10:53 | Build | Mining Camp |
| 11:16 | Build | House |
| 11:39 | Create | Villager (Male) |
| 11:41 | Build | House |
| 11:43 | Build | Palisade Wall |
| 11:45 | Build | Palisade Wall |
| 11:46 | Build | Palisade Wall |
| 11:48 | Build | Palisade Wall |
| 11:51 | Build | Palisade Wall |
| 11:55 | Build | Palisade Gate |
| 11:59 | Build | Palisade Wall |
| 12:08 | Create | Militia |
| 12:14 | Build | House |
| 12:21 | Create | Villager (Male) |
| 12:22 | Build | House |
| 12:25 | Build | Palisade Wall |
| 12:27 | Build | Palisade Wall |
| 12:27 | Age | Feudal Age |
| 12:30 | Build | Palisade Wall |
| 12:32 | Build | Palisade Wall |
| 12:33 | Build | House |
| 12:35 | Build | Palisade Wall |
| 12:36 | Research | Man-at-Arms (upgrade) |
| 12:37 | Research | Man-at-Arms (upgrade) |
| 12:40 | Build | Palisade Wall |
| 12:44 | Build | Palisade Wall |
| 12:57 | Build | Archery Range |
| 13:06 | Research | Double-Bit Axe |
| 13:07 | Research | Double-Bit Axe |
| 13:11 | Build | Palisade Wall |
| 13:28 | Create | Villager (Male) |
| 13:30 | Build | Farm |
| 13:55 | Create | Villager (Male) |
| 14:06 | Create | Archer |
| 14:12 | Create | Villager (Male) |
| 14:13 | Create | Archer |
| 14:37 | Build | Farm |
| 14:46 | Create | Villager (Male) |
| 14:48 | Create | Archer |
| 14:59 | Build | Farm |
| 15:01 | Build | Farm |
| 15:06 | Create | Villager (Male) |
| 15:17 | Create | Villager (Male) |
| 15:22 | Create | Archer |
| 15:27 | Build | Farm |
| 15:38 | Build | House |
| 15:50 | Build | Palisade Wall |
| 15:53 | Create | Archer |
| 16:10 | Create | Archer |
| 16:14 | Create | Villager (Male) |
| 16:24 | Create | Villager (Male) |
| 16:26 | Build | Blacksmith |
| 16:28 | Create | Archer |
| 16:50 | Build | Farm |
| 16:51 | Create | Villager (Male) |
| 17:09 | Create | Villager (Male) |
| 17:27 | Build | Palisade Wall |
| 17:27 | Build | Palisade Wall |
| 17:36 | Build | Farm |
| 18:01 | Research | Castle Age |
| 18:05 | Build | Mining Camp |
| 18:13 | Create | Archer |
| 18:23 | Build | House |
| 18:28 | Create | Archer |
| 18:34 | Build | Farm |
| 18:37 | Research | Fletching |
| 18:53 | Create | Archer |
| 18:57 | Build | Stone Wall |
| 19:23 | Create | Archer |
| 19:23 | Create | Archer |
| 19:28 | Build | Stone Wall |
| 19:32 | Build | Stone Wall |
| 19:44 | Build | Farm |
| 19:49 | Create | Villager (Male) |
| 20:15 | Create | Villager (Male) |
| 20:26 | Create | Archer |
| 20:31 | Create | Archer |
| 20:39 | Build | House |
| 20:41 | Build | House |
| 20:41 | Age | Castle Age |
| 20:45 | Research | Crossbowman (upgrade) |
| 20:46 | Research | Crossbowman (upgrade) |
| 20:54 | Research | Bodkin Arrow |
| 20:54 | Research | Bodkin Arrow |
| 20:55 | Create | Villager (Male) |
| 21:09 | Create | Archer |
| 21:20 | Build | Farm |
| 21:20 | Build | Farm |
| 21:28 | Create | Villager (Male) |
| 21:28 | Create | Villager (Male) |
| 21:47 | Create | Villager (Male) |
| 21:50 | Create | Archer |
| 22:03 | Create | Villager (Male) |
| 22:03 | Create | Villager (Male) |
| 22:14 | Create | Villager (Male) |
| 22:27 | Create | Villager (Male) |
| 22:52 | Create | Villager (Male) |
Build order — Oni.TaToH
First 150 of 155 actions detected
| 0:01 | Create | Villager (Male) ×4 |
| 0:01 | Create | Villager (Male) ×4 |
| 0:02 | Build | House |
| 0:04 | Build | House |
| 1:17 | Create | Villager (Male) |
| 1:54 | Create | Villager (Male) |
| 2:27 | Create | Villager (Male) |
| 2:27 | Create | Villager (Male) |
| 2:27 | Create | Villager (Male) |
| 3:06 | Create | Villager (Male) |
| 3:06 | Create | Villager (Male) |
| 3:07 | Create | Villager (Male) |
| 3:35 | Build | Lumber Camp |
| 3:37 | Create | Villager (Male) |
| 3:49 | Create | Villager (Male) |
| 3:58 | Research | Loom |
| 4:24 | Create | Villager (Male) |
| 4:27 | Build | House |
| 4:40 | Create | Villager (Male) |
| 4:44 | Build | Palisade Wall |
| 4:45 | Build | Palisade Wall |
| 4:55 | Create | Villager (Male) |
| 5:03 | Create | Villager (Male) |
| 5:21 | Build | Palisade Wall |
| 5:24 | Create | Villager (Male) |
| 5:28 | Create | Villager (Male) |
| 5:37 | Build | Mill |
| 5:58 | Create | Villager (Male) |
| 6:18 | Build | House |
| 6:26 | Create | Villager (Male) |
| 7:00 | Build | Dock |
| 7:01 | Create | Villager (Male) |
| 7:02 | Create | Villager (Male) |
| 7:02 | Create | Villager (Male) |
| 7:04 | Build | Palisade Wall |
| 7:07 | Build | Palisade Wall |
| 7:09 | Build | Palisade Wall |
| 7:38 | Create | Fishing Ship |
| 7:47 | Create | Villager (Male) |
| 8:44 | Build | Barracks |
| 8:46 | Research | Feudal Age |
| 8:47 | Research | Feudal Age |
| 9:17 | Build | House |
| 9:32 | Create | Militia |
| 9:32 | Create | Militia |
| 9:33 | Create | Militia |
| 9:45 | Build | Mining Camp |
| 10:22 | Create | Militia |
| 10:39 | Build | Mill |
| 10:56 | Age | Feudal Age |
| 10:59 | Create | Villager (Male) |
| 11:02 | Research | Man-at-Arms (upgrade) |
| 11:02 | Research | Man-at-Arms (upgrade) |
| 11:15 | Create | Villager (Male) |
| 11:42 | Create | Villager (Male) |
| 11:45 | Research | Double-Bit Axe |
| 12:03 | Create | Villager (Male) |
| 12:12 | Research | Arson |
| 12:18 | Build | Farm |
| 12:21 | Build | Lumber Camp |
| 12:37 | Create | Villager (Male) |
| 12:37 | Create | Villager (Male) |
| 12:43 | Build | House |
| 12:51 | Create | Villager (Male) |
| 12:52 | Build | Farm |
| 13:02 | Create | Militia |
| 13:11 | Create | Villager (Male) |
| 13:17 | Build | Farm |
| 13:19 | Build | House |
| 13:24 | Create | Militia |
| 13:31 | Build | Palisade Wall |
| 13:38 | Build | Palisade Wall |
| 13:44 | Create | Villager (Male) |
| 13:55 | Create | Militia |
| 13:56 | Build | Farm |
| 14:07 | Create | Militia |
| 14:10 | Build | Farm |
| 14:12 | Build | Farm |
| 14:13 | Build | Farm |
| 14:29 | Create | Villager (Male) |
| 14:35 | Build | House |
| 14:49 | Create | Villager (Male) |
| 14:50 | Build | Farm |
| 14:54 | Create | Militia |
| 15:01 | Build | Farm |
| 15:08 | Create | Villager (Male) |
| 15:25 | Create | Villager (Male) |
| 15:42 | Build | Archery Range |
| 15:49 | Create | Villager (Male) |
| 16:12 | Create | Villager (Male) |
| 16:22 | Create | Villager (Male) |
| 16:26 | Build | Blacksmith |
| 16:27 | Build | House |
| 16:37 | Create | Skirmisher |
| 16:37 | Create | Skirmisher |
| 16:38 | Build | House |
| 16:45 | Research | Town Watch |
| 16:58 | Create | Militia |
| 17:05 | Create | Villager (Male) |
| 17:06 | Build | House |
| 17:15 | Research | Padded Archer Armor |
| 17:17 | Create | Skirmisher |
| 17:17 | Create | Militia |
| 17:29 | Build | Farm |
| 17:35 | Research | Fletching |
| 17:35 | Research | Scale Barding Armor |
| 17:39 | Create | Villager (Male) |
| 17:41 | Build | Farm |
| 17:49 | Build | Farm |
| 17:51 | Create | Skirmisher |
| 17:58 | Build | Farm |
| 18:00 | Create | Villager (Male) |
| 18:05 | Build | House |
| 18:06 | Build | House |
| 18:09 | Create | Skirmisher |
| 18:18 | Build | Farm |
| 18:24 | Research | Scale Mail Armor |
| 18:24 | Research | Scale Mail Armor |
| 18:34 | Create | Villager (Male) |
| 18:47 | Create | Militia |
| 18:47 | Create | Skirmisher |
| 18:53 | Create | Villager (Male) |
| 19:04 | Create | Villager (Male) |
| 19:06 | Build | House |
| 19:07 | Build | Market |
| 19:24 | Create | Skirmisher |
| 19:29 | Create | Villager (Male) |
| 19:46 | Create | Villager (Male) |
| 19:54 | Create | Villager (Male) |
| 20:02 | Create | Skirmisher |
| 20:04 | Build | House |
| 20:05 | Build | House |
| 20:07 | Build | House |
| 20:11 | Create | Skirmisher |
| 20:22 | Create | Villager (Male) |
| 20:25 | Create | Skirmisher |
| 20:41 | Create | Villager (Male) |
| 20:46 | Build | Watch Tower |
| 20:49 | Create | Skirmisher |
| 20:59 | Build | Farm |
| 21:10 | Build | Watch Tower |
| 21:12 | Create | Villager (Male) |
| 21:19 | Create | Skirmisher |
| 21:21 | Build | Farm |
| 21:26 | Build | Farm |
| 21:27 | Build | Farm |
| 21:44 | Create | Skirmisher |
| 21:49 | Create | Villager (Male) |
| 22:06 | Build | Watch Tower |
| 22:10 | Create | Villager (Male) |
Match timeline
| 2:28 | ANKR.Youpudding · first_building Barracks |
| 4:44 | Oni.TaToH · wall_segment Palisade Wall x1 |
| 4:45 | Oni.TaToH · wall_segment Palisade Wall x1 |
| 5:21 | Oni.TaToH · wall_segment Palisade Wall x1 |
| 7:00 | Oni.TaToH · first_building Dock |
| 7:04 | Oni.TaToH · wall_segment Palisade Wall x1 |
| 7:07 | Oni.TaToH · wall_segment Palisade Wall x1 |
| 7:09 | Oni.TaToH · wall_segment Palisade Wall x1 |
| 8:44 | Oni.TaToH · first_building Barracks |
| 10:56 | Oni.TaToH · age_up feudal |
| 11:43 | ANKR.Youpudding · wall_segment Palisade Wall x1 |
| 11:45 | ANKR.Youpudding · wall_segment Palisade Wall x1 |
| 11:46 | ANKR.Youpudding · wall_segment Palisade Wall x1 |
| 11:48 | ANKR.Youpudding · wall_segment Palisade Wall x1 |
| 11:51 | ANKR.Youpudding · wall_segment Palisade Wall x4 |
| 11:59 | ANKR.Youpudding · wall_segment Palisade Wall x1 |
| 12:25 | ANKR.Youpudding · wall_segment Palisade Wall x1 |
| 12:27 | ANKR.Youpudding · wall_segment Palisade Wall x1 |
| 12:27 | ANKR.Youpudding · age_up feudal |
| 12:30 | ANKR.Youpudding · wall_segment Palisade Wall x1 |
| 12:32 | ANKR.Youpudding · wall_segment Palisade Wall x1 |
| 12:35 | ANKR.Youpudding · wall_segment Palisade Wall x1 |
| 12:40 | ANKR.Youpudding · wall_segment Palisade Wall x1 |
| 12:44 | ANKR.Youpudding · wall_segment Palisade Wall x1 |
| 12:57 | ANKR.Youpudding · first_building Archery Range |
| 13:11 | ANKR.Youpudding · wall_segment Palisade Wall x1 |
| 13:31 | Oni.TaToH · wall_segment Palisade Wall x1 |
| 13:38 | Oni.TaToH · wall_segment Palisade Wall x1 |
| 15:42 | Oni.TaToH · first_building Archery Range |
| 15:50 | ANKR.Youpudding · wall_segment Palisade Wall x1 |
| 17:27 | ANKR.Youpudding · wall_segment Palisade Wall x1 |
| 17:27 | ANKR.Youpudding · wall_segment Palisade Wall x1 |
| 18:57 | ANKR.Youpudding · wall_segment Stone Wall x1 |
| 19:28 | ANKR.Youpudding · wall_segment Stone Wall x1 |
| 19:32 | ANKR.Youpudding · wall_segment Stone Wall x1 |
| 20:41 | ANKR.Youpudding · age_up castle |
| 21:09 | Oni.TaToH · first_market_buy 100 stone |
| 21:57 | Oni.TaToH · first_market_sell 100 food |
| 22:58 | ANKR.Youpudding · resign |
[ AI ANALYSIS · 1 CREDIT ]
What really happened in this match?
Wolo.gg analyzes every decision: build order, eco, micro, common mistakes by bracket. Personalized analysis on WhatsApp or Discord in 30 seconds.
Civ guide
Malians
Perfil
Jugador #11364437